 Dungeon Crawl Stone Soup version 0.25.0-11-g1f837a76a1 (webtiles) character file.

Game seed: 10423782646116810266

6965 Esekla the Magician (level 11, -4/69 HPs)
             Began as an Octopode Necromancer on June 27, 2020.
             Was an Initiate of Gozag.
             Hit by a boomerang thrown by an orc warrior (18 damage)
             ... on level 1 of the Orcish Mines.
             The game lasted 01:38:24 (11598 turns).

Esekla the Magician (Octopode Necromancer)         Turns: 11598, Time: 01:38:24

Health: -4/69      AC:  8    Str:  8    XL:     11   Next: 7%
Magic:  21/21      EV: 16    Int: 20    God:    Gozag
Gold:   430        SH:  0    Dex: 13    Spells: 11/24 levels left

rFire    . . .     SeeInvis .   I - +9 dagger "Ruyck" {protect, rC+}
rCold    + + .     Gourm    .   (no shield)
rNeg     . . .     Faith    .   (helmet restricted)
rPois    .         Spirit   .   q - amulet of magic regeneration
rElec    .         Reflect  .   d - +4 ring of slaying
rCorr    +         Harm     .   j - ring of protection from cold
MR       .....                  H - ring of resist corrosion
Stlth    ++++......             (no ring)
HPRegen  0.21/turn              (no ring)
MPRegen  0.42/turn              (no ring)
                                (no ring)
                                (no ring)

@: protection aura, starving
A: almost no armour, stealthy swim, amphibious, 8 rings, constrict 8, camouflage
1, gelatinous body 1
a: Potion Petition, Call Merchant, Bribe Branch, Renounce Religion


You were on level 1 of the Orcish Mines.
You worshipped Gozag.
Gozag was aware of your devotion.
You were starving.

You visited 3 branches of the dungeon, and saw 12 of its levels.

You collected 1788 gold pieces.
You spent 212 gold pieces at shops.
You paid 1146 gold pieces to Gozag.

Inventory:

Hand Weapons
 a - a +0 falchion
 e - a +1 dagger of electrocution
 s - a +4 dagger
 v - a +1 dagger of venom
 I - the +9 dagger "Ruyck" (weapon) {protect, rC+}
   (You found it on level 6 of the Dungeon)

   It grants its wielder temporary protection when it strikes (+7 to AC).
   It protects you from cold.
Missiles
 i - 25 boomerangs (quivered)
 n - 4 javelins
 K - 7 silver javelins
Jewellery
 d - a +4 ring of slaying (left tentacle)
 j - a ring of protection from cold (right tentacle)
 q - an amulet of magic regeneration (around mantle)
 H - a ring of resist corrosion (on tentacle)
 M - an uncursed ring of ice
Wands
 B - a wand of random effects (9)
 C - a wand of flame (52)
 J - a wand of acid (11)
Scrolls
 b - a scroll of identify
 f - 3 scrolls of blinking {unknown}
 g - 8 scrolls of teleportation
 h - 3 scrolls of amnesia {unknown}
 m - 3 scrolls of enchant armour
 o - 2 scrolls of random uselessness {unknown}
 r - 2 scrolls of remove curse
 t - a scroll of magic mapping {unknown}
 y - 3 scrolls of fog
 D - 2 scrolls of enchant weapon {unknown}
 L - a scroll of noise {unknown}
 N - a scroll of fear {unknown}
 O - a scroll of vulnerability {unknown}
Potions
 c - 2 potions of resistance
 k - a potion of ambrosia
 l - 4 potions of flight
 p - a potion of haste
 u - 2 potions of brilliance {unknown}
 w - a potion of stabbing
 x - a potion of lignification
 z - 3 potions of curing
 A - a potion of berserk rage {unknown}
 E - a potion of might {unknown}
 F - 2 potions of heal wounds


   Skills:
 + Level 4.1 Fighting
 * Level 4.5(5.7) Short Blades
 + Level 5.1(6.0) Long Blades
 + Level 2.3 Throwing
 * Level 6.2 Dodging
 + Level 4.7 Stealth
 * Level 7.0 Spellcasting
 * Level 4.2 Conjurations
 + Level 6.0 Necromancy
 + Level 3.1 Translocations
 * Level 2.5 Fire Magic
 * Level 4.3 Air Magic
 * Level 5.5 Poison Magic


You had 11 spell levels left.
You knew the following spells:

 Your Spells              Type           Power        Failure   Level  Hunger
a - Magic Dart            Conj           ###.         1%          1    None
b - Blink                 Tloc           N/A          4%          2    None
c - Mephitic Cloud        Conj/Pois/Air  ####....     4%          3    #......
d - Vampiric Draining     Necr           ####......   2%          3    #......
f - Conjure Flame         Conj/Fire      ###.....     7%          3    #......
z - Pain                  Necr           ####         1%          1    None

Your spell library contained the following spells:

 Spells                   Type           Power        Failure   Level  Hunger
 Animate Skeleton         Necr           N/A          1%          1    None
 Poisonous Vapours        Pois/Air       ####..       1%          2    None
 Sting                    Tmut/Pois      ###.         3%          1    None
 Animate Dead             Necr           N/A          8%          4    ###....
 Spider Form              Tmut/Pois      ###.......   9%          3    #......
 Beastly Appendage        Tmut           #.....       10%         1    None
 Ignite Poison            Fire/Tmut/Pois ###.....     10%         3    #......
 Olgreb's Toxic Radiance  Pois           ####....     10%         4    ###....
 Call Imp                 Summ           #.......     14%         2    None
 Slow                     Hex            #.......     14%         2    None
 Sticks to Snakes         Tmut           #.......     14%         2    None
 Agony                    Necr           ####....     22%         5    #####..
 Ice Form                 Ice/Tmut       #.......     67%         4    ###....
 Blade Hands              Tmut           #.........   95%         5    #####..


Dungeon Overview and Level Annotations

Branches:
Dungeon (10/15)              Lair (1/6) D:10            Orc (1/2) D:9
 Temple: D:4-7

Altars:
Cheibriados
Dithmenos
Elyvilon
Fedhas
Gozag
Hepliaklqana
Kikubaaqudgha
Nemelex Xobeh
Okawaru
Trog
Xom
The Shining One

Shops:
D:6 !   D:8 (   D:9 *

Annotations:
D:7 Joseph
Lair:1 Nergalle, Sonja


Innate Abilities, Weirdness & Mutations

You cannot wear most types of armour.
You are very stealthy in the water. (Stealth+)
You are amphibious.
You can wear up to eight rings at the same time.
You can use your tentacles to constrict eight enemies at once.
Your skin changes colour to match your surroundings (Stealth+).
Your rubbery body absorbs attacks. (AC +1, EV +1)


Message History

The boomerang barely misses the ogre.
The ogre shouts!
You hear a shout! x2
The orc throws a boomerang.
The boomerang hits you.
The weapon returns to the orc!
The orc warrior throws a boomerang.
The boomerang completely misses you.
The weapon returns to the orc warrior!
The orc hits you with a +0 flail!
You hit the orc but do no damage.
Your weapon exudes an aura of protection.
You grab the orc.
The orc is lightly wounded.
You constrict the orc, but do no damage.
The orc throws a boomerang.
The boomerang closely misses you.
The orc warrior throws a boomerang.
The boomerang hits you!
* * * LOW HITPOINT WARNING * * *
You release your grip on the orc.
The orc looks more healthy.
The orc throws a boomerang.
The boomerang completely misses you.
The weapon returns to the orc!
The orc misses you.
The orc warrior throws a boomerang.
The boomerang hits you!!
You die...
Your body crumbles into a pile of gold.

$ ...#. .......
....$......# .
#.........# .
..##........# ..
##.....#...##...
$................$
o.$.........#... $
.............#
........@o..## $
................
..............$.
.......>....o...
$.>..........o.(.
............O..( $
................
..$............


You could see an orc warrior (poisoned), an ogre and 2 orcs.

Vanquished Creatures
  Fannar (D:10)
  2 trolls (D:10)
  A hornet (D:9)
  Grinder (D:3)
  A hippogriff (D:9)
  Sigmund (D:4)
  A hungry ghost (D:10)
  Edmund (D:4)
  Menkaure (D:4)
  Duvessa (D:4)
  2 ice beasts
  A sky beast (D:6)
  A necrophage (D:9)
  3 black bears
  3 orc warriors
  5 ogres
  4 phantoms
  2 centaurs
  6 bullfrogs
  A wyvern zombie (D:9)
  A wyvern skeleton (D:7)
  Dowan (D:4)
  A water moccasin zombie (D:5)
  12 killer bees
  4 scorpions
  A howler monkey (D:5)
  4 wights (D:10)
  5 jellies
  A crimson imp (D:10)
  2 hounds
  2 centaur skeletons (D:5)
  3 orc priests
  9 orc wizards
  Ijyb (D:4)
  3 iguanas
  6 worker ants
  Natasha (twice) (D:4)
  A killer bee zombie (D:8)
  A hound zombie (D:5)
  8 gnolls
  A howler monkey skeleton (D:5)
  11 adders
  A shadow imp (D:5)
  An ooze (D:3)
  An adder skeleton (D:5)
  A worm (D:3)
  3 dart slugs
  4 leopard geckos
  33 orcs
  5 ball pythons
  5 giant cockroaches
  9 goblins
  2 hobgoblins (D:1)
  14 jackals
  2 quokkas
  9 bats
  4 frilled lizards
  A giant cockroach zombie (D:6)
  8 kobolds
  A leopard gecko skeleton (D:5)
  11 rats
  A plant (D:10)
235 creatures vanquished.

Vanquished Creatures (others)
  A quokka (D:4)
  5 fungi (D:8)
  5 toadstools (D:8)
11 creatures vanquished.

Grand Total: 246 creatures vanquished

Notes
Turn   | Place    | Note
-------+----------+-------------------------------------------
     0 | D:1      | Esekla the Octopode Necromancer began the quest for the
                  | Orb.
     0 | D:1      | Reached XP level 1. HP: 11/11 MP: 3/3
   197 | D:1      | Reached XP level 2. HP: 18/18 MP: 5/5
   478 | D:1      | Reached XP level 3. HP: 22/22 MP: 6/6
   483 | D:1      | Learned a level 3 spell: Vampiric Draining
  1184 | D:2      | Reached skill level 1 in Fighting
  1184 | D:2      | Reached XP level 4. HP: 28/28 MP: 7/7
  1523 | D:3      | Noticed Grinder
  1983 | D:3      | Found an iron altar of Okawaru.
  2108 | D:3      | Reached skill level 1 in Long Blades
  2192 | D:3      | Found a faded altar of an unknown god.
  2192 | D:3      | Found a faded altar of an unknown god.
  2201 | D:3      | Found a blossoming altar of Fedhas.
  2203 | D:3      | Found a snail-covered altar of Cheibriados.
  2204 | D:3      | Found an opulent altar of Gozag.
  2212 | D:3      | Became a worshipper of Gozag Ym Sagoz the Greedy
  2289 | D:3      | Killed Grinder
  2289 | D:3      | Reached skill level 1 in Short Blades
  2289 | D:3      | Reached skill level 3 in Spellcasting
  2289 | D:3      | Reached XP level 5. HP: 19/34 MP: 9/9
  2289 | D:3      | Reached XP level 6. HP: 22/39 MP: 10/10
  3056 | D:4      | Noticed Edmund
  3081 | D:4      | Noticed a phantom
  3103 | D:4      | Killed a phantom
  3228 | D:4      | Noticed Natasha
  3234 | D:3      | Reached XP level 7. HP: 38/45 MP: 7/12
  3346 | D:4      | Killed Natasha
  3483 | D:4      | Noticed Sigmund
  3484 | D:4      | Found a white marble altar of Elyvilon.
  3529 | D:4      | Killed Sigmund
  3604 | D:4      | Noticed Ijyb
  3611 | D:4      | Killed Ijyb
  3777 | D:4      | Noticed Duvessa
  3786 | D:5      | Entered Level 5 of the Dungeon
  4134 | D:5      | Reached XP level 8. HP: 32/51 MP: 13/13
  4571 | D:5      | Learned a level 1 spell: Magic Dart
  4574 | D:5      | Learned a level 2 spell: Blink
  4578 | D:5      | Learned a level 3 spell: Mephitic Cloud
  4582 | D:5      | Learned a level 3 spell: Conjure Flame
  4649 | D:4      | Noticed Natasha
  4655 | D:4      | Killed Natasha
  4717 | D:5      | Found a bloodstained altar of Trog.
  4782 | D:5      | Reached skill level 4 in Spellcasting
  4869 | D:5      | Reached skill level 1 in Poison Magic
  5416 | D:6      | Reached skill level 1 in Translocations
  5416 | D:6      | Reached skill level 1 in Air Magic
  5637 | D:4      | Noticed Menkaure
  5646 | D:4      | Killed Menkaure
  5646 | D:4      | Reached skill level 1 in Throwing
  5646 | D:4      | Reached skill level 1 in Conjurations
  5646 | D:4      | Reached skill level 5 in Necromancy
  6048 | D:4      | Noticed Dowan
  6624 | D:6      | Reached skill level 5 in Long Blades
  6626 | D:6      | Reached XP level 9. HP: 38/57 MP: 3/15
  6790 | D:6      | Found a sparkling altar of Nemelex Xobeh.
  7146 | D:6      | Got a pitted dagger
  7164 | D:6      | Identified the +9 dagger "Ruyck" {protect, rC+} (You found
                  | it on level 6 of the Dungeon)
  7269 | D:7      | Noticed Joseph
  7683 | D:6      | Bought a potion of degeneration for 16 gold pieces
  7827 | D:4      | Killed Edmund
  7841 | D:4      | Killed Duvessa
  7841 | D:4      | Reached skill level 5 in Spellcasting
  7845 | D:4      | Killed Dowan
  7845 | D:4      | Reached skill level 5 in Dodging
  9419 | D:8      | Reached XP level 10. HP: 63/63 MP: 18/18
  9606 | D:8      | Found an ancient bone altar of Kikubaaqudgha.
  9797 | D:8      | Reached skill level 6 in Spellcasting
  9872 | D:8      | Found Nitych's Weapon Emporium.
 10022 | D:8      | Found a bloodstained altar of Trog.
 10069 | D:9      | Paralysed by a hornet for 3 turns
 10400 | D:9      | Found a hazy altar of Hepliaklqana.
 10403 | D:9      | Found a shadowy altar of Dithmenos.
 10406 | D:9      | Found a shimmering altar of Xom.
 10618 | D:9      | Found a bloodstained altar of Trog.
 10620 | D:9      | Found a staircase to the Orcish Mines.
 10869 | D:9      | Found a glowing golden altar of the Shining One.
 10993 | D:10     | Entered Level 10 of the Dungeon
 11057 | D:10     | Reached skill level 1 in Fire Magic
 11057 | D:10     | Reached skill level 5 in Poison Magic
 11338 | D:10     | Noticed Fannar
 11370 | D:10     | Killed Fannar
 11370 | D:10     | Reached XP level 11. HP: 51/69 MP: 12/21
 11392 | D:10     | Reached skill level 7 in Spellcasting
 11426 | D:10     | Found a staircase to the Lair.
 11443 | Lair:1   | Entered Level 1 of the Lair of Beasts
 11443 | Lair:1   | Noticed Nergalle
 11444 | Lair:1   | Noticed Sonja
 11578 | D:9      | Bought a scroll labeled GINAIT HIUHULID for 28 gold pieces
 11578 | D:9      | Bought a scroll labeled QALUAT REYRI for 28 gold pieces
 11578 | D:9      | Bought a potion of heal wounds for 140 gold pieces
 11588 | Orc:1    | Entered Level 1 of the Orcish Mines
 11589 | Orc:1    | Noticed an orc sorcerer
 11598 | Orc:1    | Hit by a boomerang thrown by an orc warrior

Illustrated notes

Levels and vault maps discovered:
D:1:      wander_arrival_desolate, layout_basic
D:2:      layout_rooms
D:3:      layout_loops_corners, nicolae_overflow_hidden_temple,
          chequers_temple_overflow_minitemple, first_ration,
          roderic_serpentine_path, st_stairs_11, uniq_grinder
D:4:      minmay_spotlight, layout_loops_ring, elyvilon_altar_4,
          patterned_corridor, uniq_natasha, uniq_duvessa, uniq_edmund,
          uniq_sigmund, uniq_ijyb, uniq_menkaure
D:5:      layout_basic, trog_three_pillars_becter
D:6:      layout_loops_cross, lemuel_crystal_altar
D:7:      layout_basic, minmay_temple_entry_wispy, grunt_ogre_cave,
          minmay_guarded_unrand_staff_of_olgreb, uniq_joseph
D:8:      layout_basic, lightli_temple_of_fire, lemuel_doored_altar,
          serial_shops, shop, minmay_gold_behind_fungi
D:9:      layout_roguey, grunt_temple_overflow_diamond, tso_altar, orc_0_dummy,
          bloody_trog
D:10:     layout_loops_ring, dpeg_oklobed_lair, uniq_fannar
Lair:1:   layout_cellular_growth, uniq_maggie, uniq_nergalle, uniq_sonja
Orc:1:    layout_caves

Skill      XL: |  1  2  3  4  5  6  7  8  9 10 11 |
---------------+----------------------------------+-----
Stealth        | 3 4 |  4.7
Fighting       | 1 2 3 4 |  4.1
Long Blades    | 2 3 4 5 |  5.1
Short Blades   | 1 2 3 4 |  4.5
Dodging        | 3 4 5 6 |  6.2
Spellcasting   | 3 4 5 6 7 |  7.0
Poison Magic   | 2 4 5 |  5.5
Translocations | 1 2 3 |  3.1
Air Magic      | 1 2 4 |  4.3
Throwing       | 1 2 |  2.3
Conjurations   | 1 3 4 |  4.2
Necromancy     | 5 6 |  6.0
Fire Magic     | 2 |  2.5

Action                   |  1- 3 |  4- 6 |  7- 9 | 10-12 || total
-------------------------+-------+-------+-------+-------++-------
Melee: Short sword       |    42 |       |       |       ||    42
       Constrict         |     9 |    20 |    57 |    26 ||   112
       Tentacles         |     1 |    10 |    33 |    23 ||    67
       Falchion          |     5 |    28 |    46 |       ||    79
       Dagger            |       |    48 |   142 |   195 ||   385
Throw: Boomerang         |     5 |     3 |    16 |     3 ||    27
       Dart              |       |       |    24 |    13 ||    37
 Cast: Pain              |     3 |       |       |       ||     3
       Vampiric Draining |     1 |     1 |    57 |    23 ||    82
       Blink             |       |       |     5 |     1 ||     6
       Magic Dart        |       |       |     4 |    11 ||    15
       Mephitic Cloud    |       |       |     4 |     7 ||    11
Invok: Call Merchant     |       |       |     1 |     1 ||     2
Evoke: Wand              |       |       |     2 |       ||     2
  Use: Scroll            |       |     5 |     5 |     3 ||    13
       Potion            |       |       |     1 |     2 ||     3
 Stab: Sleeping          |    15 |     9 |     9 |    11 ||    44
       Distracted        |       |       |     2 |       ||     2
       Confused          |       |       |     1 |     2 ||     3
  Eat: Chunk             |     1 |     3 |       |       ||     4
       Ration            |       |     1 |     7 |     2 ||    10
Armor: Skin              |     2 |     5 |    22 |   112 ||   141
Dodge: Dodged            |    19 |    60 |   149 |   116 ||   344
       Rpst.: Falchion   |       |     9 |    15 |       ||    24
